 Dungeon Crawl Stone Soup version 0.30-a0-297-g0ec75d9ef4 (webtiles) character file.

Game seed: 4628322897112811372

10796 Iusername the Protected (level 11, -1/102 HPs)
             Began as a Minotaur Fighter on Oct 18, 2022.
             Was a Priest of Qazlal.
             Slain by an eight-headed hydra (5 damage)
             ... on level 3 of the Lair of Beasts.
             The game lasted 00:14:59 (10841 turns).

Iusername the Protected (Minotaur Fighter)         Turns: 10841, Time: 00:15:00

Health: -1/102     AC: 16    Str: 25    XL:     11   Next: 40%
Magic:  0/10       EV:  7    Int:  5    God:    Qazlal [***...]
Gold:   1283       SH:  4    Dex: 10    Spells: 10/10 levels left

rFire   . . .      SeeInvis .    D - +4 battleaxe
rCold   . . .      Faith    .    (shield currently unavailable)
rNeg    . . .      Spirit   +    c - +0 plate armour
rPois   .          Reflect  .    (helmet restricted)
rElec   .          Harm     .    (no cloak)
rCorr   +          Rampage  .    (no gloves)
Will    +....                    h - +0 pair of boots
Stlth   ..........               z - amulet of guardian spirit
HPRegen 0.37/turn                e - ring of resist corrosion
MPRegen 0.12/turn                t - ring of willpower

@: slowed, very slow
A: horns 2, retaliatory headbutt
a: Renounce Religion, Upheaval, Elemental Force


You were on level 3 of the Lair of Beasts.
You worshipped Qazlal.
Qazlal was most pleased with you.
You visited 3 branches of the dungeon, and saw 12 of its levels.

You collected 1283 gold pieces.

Inventory:

Hand Weapons
 D - a +4 battleaxe (weapon)
Missiles
 s - a throwing net (quivered)
Armour
 b - a +0 scale mail
 c - a +0 plate armour (worn)
 h - a +0 pair of boots (worn)
Jewellery
 e - a ring of resist corrosion (left hand)
 p - a ring of protection from cold
 t - a ring of willpower (right hand)
 z - an amulet of guardian spirit (around neck)
Wands
 l - a wand of charming (7)
 y - a wand of flame (13)
 B - a wand of acid (3)
 C - a wand of polymorph (5)
 E - a wand of mindburst (5)
Scrolls
 f - 2 scrolls of teleportation
 i - a scroll of enchant armour {unknown}
 m - 3 scrolls of vulnerability
 n - 2 scrolls of immolation
 r - a scroll of poison
 u - 2 scrolls of identify
 A - a scroll of silence
Potions
 a - a potion of brilliance {unknown}
 d - 4 potions of degeneration {unknown}
 g - 2 potions of curing
 k - 2 potions of heal wounds {unknown}
 o - 2 potions of ambrosia {unknown}
 q - a potion of mutation
 v - 2 potions of cancellation
 w - 2 potions of attraction {unknown}
 x - a potion of lignification {unknown}


   Skills:
 + Level 11.4 Fighting
 + Level 11.1 Axes
 + Level 11.5 Armour
 + Level 11.5 Shields


You had 10 spell levels left.
You didn't know any spells.
Your spell library contained the following spells:

 Spells                   Type           Power      Damage    Failure   Level
 Apportation              Tloc           0%         N/A       99%         1
 Call Canine Familiar     Summ           0%         N/A       100%        3
 Dazzling Flash           Conj/Hex       0%         N/A       100%        3
 Hailstorm                Conj/Ice       0%         3d3       100%        3
 Ignite Poison            Fire/Tmut/Pois 0%         N/A       100%        3
 Kindle Blastsparks       Fire/Tloc/Air  0%         2d10      100%        3
 Portal Projectile        Hex/Tloc       0%         N/A       100%        3
 Ice Form                 Ice/Tmut       0%         N/A       100%        4
 Iskenderun's Mystic Bla  Conj/Tloc      0%         2d3       100%        4
 Leda's Liquefaction      Hex/Erth       0%         N/A       100%        4
 Alistair's Intoxication  Tmut/Pois      0%         N/A       100%        5
 Freezing Cloud           Conj/Ice/Air   0%         6-21      100%        5
 Simulacrum               Ice/Necr       0%         N/A       100%        6
 Starburst                Conj/Fire      0%         6d3       100%        6


Dungeon Overview and Level Annotations

Branches:
Dungeon (8/15)             Temple (1/1) D:4            Lair (2/5) D:8
  Swamp: Lair:2-3    Shoals: Lair:2-3     Snake: Lair:2-3    Spider: Lair:2-3

Altars:
Ashenzari
Cheibriados
Dithmenos
Elyvilon
Fedhas
Gozag
Hepliaklqana
Kikubaaqudgha
Makhleb
Nemelex Xobeh
Okawaru
Qazlal
Ru
Sif Muna
Trog
Uskayaw
Vehumet
Wu Jian
Xom
Yredelemnul
Zin
The Shining One

Shops:
D:3 (   D:4 [(!   D:7 *   D:8 (

Annotations:
Lair:1 3 runed translucent doors, Gilleps's ghost, journeyman GrWn


Innate Abilities, Weirdness & Mutations

You have a pair of horns on your head.
You reflexively headbutt those who attack you in melee.


Message History

You furiously retaliate!
You headbutt the steam dragon! You block the steam dragon's attack.
Something bites the fungus!
An elephant comes into view. x2
The steam dragon bites you but does no damage.
The steam dragon claws you but does no damage.
You hear an angry hiss.
Really read the scroll of immolation?
Okay, then.
You barely miss the seven-headed hydra. You headbutt the seven-headed hydra.
The seven-headed hydra is lightly wounded.
You hit the steam dragon but do no damage.
You hear a deafening roar!
A nearby fungus withers and dies.
A hell rat comes into view.
The seven-headed hydra bites you! The seven-headed hydra bites you.
The seven-headed hydra bites you but does no damage.
The seven-headed hydra bites you!
You block the seven-headed hydra's attack.
The seven-headed hydra bites you but does no damage.
The seven-headed hydra barely misses you.
The steam dragon barely misses you.
The steam dragon claws you but does no damage.
The seven-headed hydra bites you!
* * * LOW HITPOINT WARNING * * *
The seven-headed hydra bites you.
* * * LOW HITPOINT WARNING * * *
The seven-headed hydra bites you.
* * * LOW HITPOINT WARNING * * *
The seven-headed hydra bites you but does no damage. x3
The seven-headed hydra bites you!
* * * LOW HITPOINT WARNING * * *
You slice one of the seven-headed hydra's heads off!
The six-headed hydra grows two more!
You slice the eight-headed hydra!!
The eight-headed hydra is heavily wounded.
You barely miss the steam dragon.
You hear an angry hiss.
You hear a deafening roar!
The steam dragon breathes steam at you.
The ball of steam hits you but does no damage.
The eight-headed hydra bites you.
You die...

### ### ### ##.##
###.### #.#
....###.#.#.###.##
...............#D##.#...
#P..............@DYY!...
######.#..####/###Yr..##
###### #.#.# Y..# ## ##
...#


wr# .. . You could see an eight-headed hydra, 3 elephants, a torpor snail, a
yak, a steam dragon (catching breath) and 2 hell rats.

Vanquished Creatures
  A boulder beetle (Lair:1)
  A cane toad (Lair:1)
  A rime drake (Lair:3)
  A komodo dragon (Lair:1)
  A polar bear (Lair:1)
  Prince Ribbit (D:7)
  3 blink frogs (Lair:1)
  3 dream sheep (Lair:1)
  Sigmund (D:2)
  5 wyverns (D:8)
  Duvessa (D:6)
  7 water moccasins
  An orc warrior (D:6)
  3 ice beasts
  5 black bears
  A sky beast (D:6)
  An ogre (D:6)
  29 wolves
  2 phantoms (D:5)
  3 kobold brigands
  7 bullfrogs
  Blork the orc (D:6)
  A gnoll sergeant (D:7)
  4 scorpions
  8 wights
  Dowan (D:6)
  4 howler monkeys
  4 jellies
  2 hounds (D:5)
  5 orc priests
  3 gnoll boudas
  An iron imp (D:3)
  3 iguanas
  5 orc wizards
  15 gnolls
  9 adders
  2 white imps
  An ufetubus (D:6)
  3 dart slugs
  19 orcs
  8 bats
  10 endoplasms
  2 giant cockroaches (D:1)
  5 goblins
  8 hobgoblins
  7 jackals (D:1)
  18 kobolds
  A quokka (D:5)
  5 ball pythons
  2 frilled lizards (D:2)
  3 rats
238 creatures vanquished.

Vanquished Creatures (others)
  14 fungi
  37 plants
51 creatures vanquished.

Grand Total: 289 creatures vanquished

Notes
Turn   | Place    | Note
-------+----------+-------------------------------------------
     0 | D:1      | Iusername the Minotaur Fighter began the quest for the Orb.
     0 | D:1      | Reached XP level 1. HP: 19/19 MP: 0/0
    52 | D:1      | Reached XP level 2. HP: 21/27 MP: 1/1
   194 | D:1      | Reached XP level 3. HP: 29/33 MP: 2/2
   731 | D:2      | Reached XP level 4. HP: 41/41 MP: 3/3
   853 | D:2      | Noticed Sigmund
   865 | D:2      | Killed Sigmund
   866 | D:2      | Reached skill level 5 in Fighting
   866 | D:2      | Reached skill level 5 in Armour
   866 | D:2      | Reached skill level 5 in Shields
   866 | D:2      | Reached XP level 5. HP: 21/48 MP: 4/4
  1201 | D:2      | Reached XP level 6. HP: 48/56 MP: 5/5
  1233 | D:2      | Found a faded altar of an unknown god.
  1631 | D:3      | Found a snail-covered altar of Cheibriados.
  1888 | D:3      | Found Heomp's Weapon Emporium.
  2256 | D:4      | Found a staircase to the Ecumenical Temple.
  2278 | D:4      | Found Veiderch's Distillery.
  2393 | D:4      | Found Qiuvea's Antique Weapon Boutique.
  2423 | D:4      | Found Wesej's Armour Shop.
  3014 | Temple   | Entered the Ecumenical Temple
  3028 | Temple   | Became a worshipper of Qazlal Stormbringer
  3051 | D:5      | Entered Level 5 of the Dungeon
  3156 | D:5      | Reached skill level 5 in Axes
  3156 | D:5      | Reached XP level 7. HP: 55/62 MP: 6/6
  4376 | D:6      | Found an opulent altar of Gozag.
  4377 | D:6      | Noticed Dowan
  4378 | D:6      | Noticed Duvessa
  4383 | D:6      | Reached XP level 8. HP: 69/71 MP: 7/7
  4388 | D:6      | Killed Dowan
  4388 | D:6      | Killed Duvessa
  4753 | D:6      | Reached * piety under Qazlal
  5661 | D:6      | Noticed Blork the orc
  5664 | D:6      | Reached XP level 9. HP: 81/81 MP: 8/8
  5671 | D:6      | Killed Blork the orc
  6482 | D:7      | Noticed a +0 short sword
  6485 | D:7      | Noticed a +0 falchion
  6486 | D:7      | Noticed a +0 short sword
  6486 | D:7      | Noticed a +0 spear
  6486 | D:7      | Noticed a +0 dagger
  6486 | D:7      | Noticed a +0 dagger
  6486 | D:7      | Noticed a +0 falchion
  6486 | D:7      | Noticed a +0 spear
  6488 | D:7      | Found a hide-covered altar of Uskayaw.
  6616 | D:7      | Found Fates's General Store.
  6751 | D:7      | Noticed Prince Ribbit
  6770 | D:7      | Killed Prince Ribbit
  7005 | D:7      | Found a basalt altar of Yredelemnul.
  7254 | D:8      | Reached ** piety under Qazlal
  7484 | D:8      | Reached XP level 10. HP: 84/91 MP: 9/9
  7493 | D:8      | Found a staircase to the Lair.
  7792 | D:8      | Found a glowing silver altar of Zin.
  7827 | D:8      | Reached *** piety under Qazlal
  7828 | D:8      | Reached skill level 10 in Armour
  7828 | D:8      | Reached skill level 10 in Shields
  7881 | D:8      | Found an ancient bone altar of Kikubaaqudgha.
  8251 | D:8      | Found Opticih's Weapon Boutique.
  8256 | D:8      | Reached skill level 10 in Fighting
  8264 | D:8      | Identified a scroll of acquirement
  8264 | D:8      | Acquired 735 gold pieces
  8611 | D:8      | Found a broken altar of Ashenzari.
  8708 | Lair:1   | Entered Level 1 of the Lair of Beasts
  8709 | Lair:1   | Found a runed translucent gate.
  8724 | Lair:1   | Found a runed translucent gate.
  8730 | Lair:1   | Found a runed translucent gate.
  8732 | Lair:1   | Reached skill level 10 in Axes
  8781 | Lair:1   | Noticed Gilleps's ghost (journeyman GrWn)
  9264 | Lair:1   | Reached XP level 11. HP: 99/101 MP: 8/10
  9820 | Lair:1   | Noticed a boulder beetle
  9827 | Lair:1   | Killed a boulder beetle
  9902 | Lair:1   | Identified the +8 chain mail of Compression {rPois rC-
                  | Int+5 Dex+2}
 10808 | Lair:2   | You fall into a shaft and drop 1 floor!
 10830 | Lair:3   | Noticed a seven-headed hydra
 10840 | Lair:3   | HP: 3/102 [seven-headed hydra (13)]
 10841 | Lair:3   | Slain by an eight-headed hydra

Illustrated notes

Levels and vault maps discovered:
D:1:      lightli_arrival_isolated_outpost, layout_basic
D:2:      layout_loops_ring, basic_ecumenical_altar, minmay_misc_feat_chi,
          uniq_sigmund
D:3:      layout_loops_ring, slow_altar_1, serial_shops,
          nicolae_shop_bloodbath_and_beyond
D:4:      layout_basic, minmay_temple_entry_metal_lava, serial_shops, shop,
          shop, shop, minmay_misc_feat_cross
D:5:      layout_cave_pods, kennysheep_generic_room_5
D:6:      layout_cave_pods, lemuel_crystal_altar, uniq_blork_the_orc,
          uniq_duvessa
D:7:      layout_basic, nicolae_uskayaw_en_pointe,
          mainiacjoe_overflow_six_doors_small, serial_shops,
          nicolae_shop_hallway_stairs, uniq_prince_ribbit1
D:8:      layout_loops_corners, zin_academy, grunt_ashenzari_visionary
          [grunt_ashenzari_visionary_swamp, grunt_ashenzari_visionary_snake],
          mainiacjoe_overflow_paths, minmay_lair_entry_grove, serial_shops,
          nicolae_shop_statue_plus, feat_on_display
Temple:   nicolae_temple_no_exploring_needed
Lair:1:   layout_loops_ring, gammafunk_ghost_split, dreamdust_gnoll_shepherd
Lair:2:   layout_cave_pods, swamp_mist_pool, minmay_snake_entry_six_corridors,
          special_room [special_room_bee], grunt_forest_large_clearings
Lair:3:   layout_cave_pods, special_room [special_room_mythical_zoo]

Skill      XL: |  1  2  3  4  5  6  7  8  9 10 11 |
---------------+----------------------------------+-----
Fighting       | 4 5 6 7 9 10 11 | 11.4
Armour         | 4 5 6 7 9 10 11 | 11.5
Shields        | 4 5 6 8 9 10 11 | 11.5
Axes           | 3 4 5 6 7 9 10 11 | 11.1

Action                   |  1- 3 |  4- 6 |  7- 9 | 10-12 || total
-------------------------+-------+-------+-------+-------++-------
Melee: War axe           |    58 |   103 |   210 |    46 ||   417
       Headbutt          |     6 |    18 |    31 |    37 ||    92
       Battleaxe         |       |       |       |   133 ||   133
Throw: Throwing net      |       |       |     1 |       ||     1
Invok: Upheaval          |       |       |       |     1 ||     1
       Elemental Force   |       |       |       |     1 ||     1
  Use: Scroll            |       |     4 |     8 |     2 ||    14
       Potion            |       |       |     1 |     3 ||     4
Armor: Scale mail        |    28 |    45 |    83 |    25 ||   181
       Plate armour      |       |       |       |   130 ||   130
Dodge: Dodged            |    30 |    45 |    68 |   113 ||   256
Block: Buckler           |    18 |    24 |    72 |    18 ||   132
       Other             |       |       |       |    45 ||    45

Table legend: (Time is in decaauts)
 A = Elapsed time spent in this place.
 B = Non-inter-level travel time spent in this place.
 C = Inter-level travel time spent in this place.
 D = Time resting spent in this place.
 E = Time spent auto-exploring this place.
 F = Levels seen in this place.
 G = Mean time per level.
                   A        B        C        D        E       F      G
               +--------+--------+--------+--------+--------+-----+--------+
         Total |  10950 |  10742 |    208 |   3011 |   6255 |  12 |  912.5 |
       Dungeon |   8792 |   8604 |    188 |   1931 |   5468 |   8 | 1099.0 |
        Temple |     23 |     15 |      8 |      0 |      0 |   1 |   23.0 |
          Lair |   2134 |   2122 |     12 |   1080 |    787 |   3 |  711.3 |
               +--------+--------+--------+--------+--------+-----+--------+

Top non-repeatable levels by time:
     D:6: 1906 daAuts
  Lair:1: 1531 daAuts
     D:8: 1525 daAuts
     D:5: 1339 daAuts
     D:7: 938 daAuts
     D:2: 894 daAuts
     D:4: 846 daAuts
     D:1: 674 daAuts
     D:3: 666 daAuts
  Lair:2: 567 daAuts
  Lair:3: 35 daAuts
  Temple: 23 daAuts
